 Dungeon Crawl Stone Soup version 0.22-a0-417-g1387785 (webtiles) character file.

291 Alchy the Ruffian (level 6, -3/47 HPs)
             Began as a Draconian Monk on May 14, 2018.
             Slain by Alchy's ghost (6 damage)
             ... on level 4 of the Dungeon.
             The game lasted 00:09:38 (4499 turns).

Alchy the Ruffian (Draconian Monk)                  Turns: 4499, Time: 00:09:38

Health: -3/47      AC:  8    Str: 15    XL:     6   Next: 10%
Magic:  6/6        EV: 14    Int: 11    God:
Gold:   244        SH:  0    Dex: 13    Spells: 5/5 levels left

rFire    . . .     SeeInvis .     - Unarmed
rCold    + + .     Gourm    .   (no shield)
rNeg     . . .     Faith    .   (armour unavailable)
rPois    +         Spirit   .   (helmet restricted)
rElec    .         Reflect  .   (no cloak)
rCorr    .         Harm     .   (no gloves)
MR       .....                  g - +1 pair of boots (curse)
Stlth    ++........             (no amulet)
HPRegen  0.15/turn              (no ring)
MPRegen  0.10/turn              (no ring)

@: no status effects
A: unfitting armour, cold resistance 2, frail 1, poison resistance,
cold-blooded, AC +6
a: no special abilities


You were on level 4 of the Dungeon.
You were hungry.

You visited 1 branch of the dungeon, and saw 4 of its levels.

You collected 244 gold pieces.

Inventory:

Armour
 g - a cursed +1 pair of boots (worn)
Scrolls
 b - a scroll of identify
 d - a scroll of fear
 l - 2 scrolls of immolation
Potions
 h - a potion of degeneration
Comestibles
 a - 5 rations
 f - 2 chunks of flesh


   Skills:
 * Level 4.4 Fighting
 * Level 3.8 Dodging
 - Level 1.7 Stealth
 * Level 5.5 Unarmed Combat


You had 5 spell levels left.
You didn't know any spells.
Your spell library was empty.

Dungeon Overview and Level Annotations

Branches:
Dungeon (4/15)
 Temple: D:4-7

Altars:

Annotations:
D:4 Alchy's ghost, amateur DrMo


Innate Abilities, Weirdness & Mutations

Your plain brown scales are hard. (AC +6)
You cannot fit into any form of body armour.
You are cold-blooded and may be slowed by cold attacks.
Your flesh is very cold resistant. (rC++)
You are frail. (-10% HP)
Your system is resistant to poisons. (rPois)


Message History

Alchy's ghost hits you.
* * * LOW HITPOINT WARNING * * *
You barely miss Alchy's ghost.
Your tail-slap misses Alchy's ghost.
Alchy's ghost is severely damaged.
Alchy's ghost hits you.
* * * LOW HITPOINT WARNING * * *
You closely miss Alchy's ghost.
Alchy's ghost is severely damaged.
Alchy's ghost closely misses you.
You hit Alchy's ghost.
Alchy's ghost is almost destroyed.
Alchy's ghost hits you!
* * * LOW HITPOINT WARNING * * *
You miss Alchy's ghost.
Alchy's ghost is almost destroyed.
You miss Alchy's ghost.
Alchy's ghost is almost destroyed.
Alchy's ghost says, "I sacrificed my body for ultimate power!"
Alchy's ghost hits you.
You die...

#.#.......# #.......#
#.#.....#.# #.......#
#.#..##.#.# #.......#
#.#..#....# #.......#
#.#[.###### ####.......#
#.#... #..........#
#.#... +..........#
#.############..........#
#.#<....?W@..'........###
#.############....#####
#............'........
##############....####
#....# ######


You could see Alchy's ghost.

Vanquished Creatures
  The ghost of indyram44 the Cudgeler, an amateur DsBe of Trog (D:3)
  A howler monkey (D:4)
  4 adders
  3 gnolls (D:2)
  3 worms
  A dart slug (D:1)
  3 leopard geckos
  9 orcs
  2 ball pythons
  2 giant cockroaches
  5 goblins
  9 hobgoblins
  11 jackals
  11 kobolds
  2 quokkas
  4 bats
  4 frilled lizards
  3 rats
78 creatures vanquished.

Notes
Turn   | Place    | Note
-------+----------+-------------------------------------------
     0 | D:1      | Alchy the Draconian Monk began the quest for the Orb.
     0 | D:1      | Reached XP level 1. HP: 19/19 MP: 1/1
    69 | D:1      | Reached XP level 2. HP: 27/27 MP: 2/2
   636 | D:1      | Reached XP level 3. HP: 27/33 MP: 3/3
  1070 | D:1      | Gained mutation: Your system is resistant to poisons. (rPois) [potion of mutation]
  1070 | D:1      | Gained mutation: You are frail. (-10% HP) [potion of mutation]
  1070 | D:1      | Gained mutation: Your flesh is cold resistant. (rC+) [potion of mutation]
  1070 | D:1      | Gained mutation: Your flesh is very cold resistant. (rC++) [potion of mutation]
  1457 | D:2      | Reached skill level 4 in Unarmed Combat
  1457 | D:2      | Reached XP level 4. HP: 30/36 MP: 4/4
  1516 | D:2      | Found a faded altar of an unknown god.
  3037 | D:3      | Noticed indyram44's ghost (amateur DsBe)
  3050 | D:3      | Killed indyram44's ghost
  3050 | D:3      | Reached skill level 5 in Unarmed Combat
  3050 | D:3      | Reached XP level 5. HP: 8/42 MP: 5/5
  3888 | D:4      | Reached XP level 6. HP: 30/47 MP: 6/6
  4434 | D:4      | Noticed Alchy's ghost (amateur DrMo)
  4499 | D:4      | Slain by Alchy's ghost

Vault maps used:
D:1:      elethiomel_arrival_infinity_welcomes_careful_drivers
D:2:      chequers_ecumenical_altar_island
D:3:      lemuel_upstairs_altar
D:4:      chequers_temple_overflow_minitemple, first_ration

Skill      XL: |  1  2  3  4 |
---------------+-------------+-----
Fighting       | 4 |  4.4
Dodging        | 3 |  3.8
Unarmed Combat | 4 5 |  5.5
Stealth        | |  1.7

Action                   |  1- 3 |  4- 6 || total
-------------------------+-------+-------++-------
Melee: Unarmed           |   157 |   246 ||   403
       Tailslap          |    19 |    30 ||    49
       Punch             |     2 |     2 ||     4
  Use: Scroll            |     3 |     8 ||    11
       Potion            |     1 |     2 ||     3
 Stab: Sleeping          |     1 |     5 ||     6
  Eat: Chunk             |     2 |     9 ||    11
Armor: Skin              |    36 |    47 ||    83
Dodge: Dodged            |   112 |   141 ||   253

Table legend:
 A = Spawn XP
 B = Non-spawn XP
 C = Spawn XP percentage of total XP
 D = Spawn monster count
 E = Non-spawn monster count
 F = Spawn count percentage of total count
 G = Total turns spent on level
                    A         B        C        D         E        F      G
               +---------+---------+-------+---------+---------+-------+---------
         Total |       0 |     417 |   0.0 |       0 |      78 |   0.0 |  4499
               +---------+---------+-------+---------+---------+-------+---------
           D:1 |       0 |      48 |   0.0 |       0 |      25 |   0.0 |  1072
           D:2 |       0 |     109 |   0.0 |       0 |      19 |   0.0 |  1388
           D:3 |       0 |     162 |   0.0 |       0 |      21 |   0.0 |  1471
           D:4 |       0 |      98 |   0.0 |       0 |      13 |   0.0 |   568
               +---------+---------+-------+---------+---------+-------+---------
